 Dungeon Crawl Stone Soup version 0.28.0-53-g5a82cb258f (webtiles) character file.

Game seed: 9054155822823969884

592 LustLizard the Cleaver (level 7, -2/96 HPs)
             Began as a Minotaur Berserker on July 18, 2022.
             Was a Priest of Trog.
             Slain by a hornet (6 damage)
             ... while paralysed by a hornet
             ... on level 5 of the Dungeon.
             The game lasted 00:04:47 (4443 turns).

LustLizard the Cleaver (Minotaur Berserker)         Turns: 4443, Time: 00:04:48

Health: -2/96      AC: 12    Str: 23    XL:     7   Next: 16%
Magic:  6/6        EV:  2    Int:  4    God:    Trog [***...]
Gold:   165        SH:  0    Dex: 10    Spells: 6/6 levels left

rFire   . . .      SeeInvis .   a - +0 hand axe
rCold   . . .      Faith    .   (no shield)
rNeg    . . .      Spirit   .   t - +0 chain mail
rPois   .          Reflect  .   (helmet restricted)
rElec   .          Harm     .   n - +1 cloak
rCorr   .          Rampage  .   g - +0 pair of gloves
Will    .....                   (no boots)
Stlth   ..........              (no amulet)
HPRegen 0.26/turn               (no ring)
MPRegen 0.10/turn               (no ring)

@: paralysed, berserking (expiring), lethally poisoned (-2 -> -23), slowed
A: horns 2, retaliatory headbutt
a: Renounce Religion, Berserk, Trog's Hand


You were on level 5 of the Dungeon.
You worshipped Trog.
Trog was most pleased with you.
You visited 1 branch of the dungeon, and saw 5 of its levels.

You collected 165 gold pieces.

Inventory:

Hand Weapons
 a - a +0 hand axe (weapon)
Missiles
 d - 119 stones (quivered)
 o - 2 poisoned darts
 w - 4 boomerangs
Armour
 b - a +0 animal skin
 g - a +0 pair of gloves (worn)
 i - a +0 ring mail
 n - a +1 cloak (worn)
 q - a +0 scale mail
 t - a +0 chain mail (worn)
Jewellery
 f - a ring of fire
 s - an amulet of magic regeneration
Scrolls
 h - 2 scrolls of fog {unknown}
 j - 4 scrolls of identify {unknown}
 l - a scroll of enchant armour {unknown}
 m - a scroll of immolation {unknown}
 r - a scroll of summoning {unknown}
 v - 2 scrolls of teleportation {unknown}
 x - a scroll of amnesia {unknown}
 y - a scroll of enchant weapon {unknown}
Potions
 c - 2 potions of attraction {unknown}
 e - 2 potions of curing
 k - a potion of resistance {unknown}
 p - a potion of flight {unknown}
 u - a potion of ambrosia {unknown}
 z - a potion of degeneration {unknown}
 A - a potion of brilliance {unknown}


   Skills:
 + Level 6.4 Fighting
 * Level 8.4 Axes
 - Level 2.4 Armour
 - Level 2.1 Dodging


You had 6 spell levels left.
You didn't know any spells.
Your spell library was empty.

Dungeon Overview and Level Annotations

Branches:
Dungeon (5/15)
 Temple: D:4-7

Altars:
Ashenzari
Qazlal

Shops:
D:2 =


Innate Abilities, Weirdness & Mutations

You have a pair of horns on your head.
You reflexively headbutt those who attack you in melee.


Message History

You feel sick. The hornet barely misses you. You furiously retaliate!
You headbutt the hornet! You closely miss the hornet.
The hornet is heavily wounded.
You feel sick. The hornet closely misses you. The hornet completely misses you.
You furiously retaliate!
You headbutt the hornet! You miss the hornet.
The hornet is almost dead.
You feel sick.
You are no longer poisoned.
The hornet barely misses you.
You barely miss the hornet. Your headbutt misses the hornet.
The hornet is almost dead.
The hornet stings you!
You are poisoned.
You feel as though you will be slow longer.
You hit the hornet but do no damage. Your headbutt misses the hornet.
The hornet is almost dead.
You feel very sick. The hornet closely misses you. The hornet stings you.
You are more poisoned.
You feel as though you will be slow longer.
You closely miss the hornet.
The hornet is almost dead.
You feel very sick. The hornet stings you.
* * * LOW HITPOINT WARNING * * *
You feel as though you will be slow longer.
You barely miss the hornet.
The hornet is almost dead.
* * * LOW HITPOINT WARNING * * *
You feel very sick. The hornet stings you.
* * * LOW HITPOINT WARNING * * *
You are more poisoned.
You suddenly lose the ability to move!
* * * LOW HITPOINT WARNING * * *
You feel extremely sick. The hornet stings you.
You die...

###.........###............
#.###..##.###.###########
###'####.##................
#.....##..#####.###########
#.....'............#
#.....###..........#
#.....###.........(#
#.....##...........#
#.....#..y@.........
#.....#...§§§≈.......
.....(.(..≈§§§§........
.......#...≈§§§..##
.(..##........# ###
#......(.# #...##.#.# #...#
.#.#


You could see a hornet.

Vanquished Creatures
  Menkaure (D:4)
  A water moccasin (D:5)
  A phantom (D:3)
  A howler monkey (D:5)
  An orc priest (D:4)
  A jelly (D:3)
  Crazy Yiuf (D:2)
  An iguana (D:5)
  Jessica (D:2)
  An adder (D:2)
  2 adder skeletons (D:4)
  6 dart slugs
  4 orcs
  9 ball pythons
  7 endoplasms
  3 giant cockroaches (D:2)
  10 goblins
  7 hobgoblins
  8 jackals (D:2)
  6 kobolds
  2 quokkas
  8 bats
  6 frilled lizards
  5 rats (D:1)
93 creatures vanquished.

Vanquished Creatures (others)
  4 plants (D:1)
4 creatures vanquished.

Grand Total: 97 creatures vanquished

Notes
Turn   | Place    | Note
-------+----------+-------------------------------------------
     0 | D:1      | LustLizard the Minotaur Berserker began the quest for the
                  | Orb.
     0 | D:1      | Reached XP level 1. HP: 19/19 MP: 0/0
   150 | D:1      | Reached skill level 4 in Axes
   151 | D:1      | Found a faded altar of an unknown god.
   171 | D:1      | Reached XP level 2. HP: 27/27 MP: 1/1
   778 | D:1      | Reached ** piety under Trog
  1009 | D:2      | Found Iteq's Jewellery Emporium.
  1035 | D:2      | Reached XP level 3. HP: 33/33 MP: 2/2
  1308 | D:2      | Reached skill level 5 in Axes
  1508 | D:2      | Found a runed translucent door.
  1509 | D:2      | Noticed Crazy Yiuf
  1838 | D:2      | Noticed Jessica
  1841 | D:2      | Killed Jessica
  1842 | D:2      | Reached XP level 4. HP: 41/41 MP: 3/3
  1926 | D:2      | Killed Crazy Yiuf
  2056 | D:3      | Noticed a phantom
  2066 | D:3      | Killed a phantom
  2067 | D:3      | Reached skill level 5 in Fighting
  2067 | D:3      | Reached skill level 6 in Axes
  2067 | D:3      | Reached XP level 5. HP: 32/48 MP: 4/4
  2332 | D:3      | Found a broken altar of Ashenzari.
  2856 | D:4      | Reached *** piety under Trog
  3061 | D:4      | Reached skill level 7 in Axes
  3149 | D:4      | Noticed Menkaure
  3152 | D:4      | Reached XP level 6. HP: 29/56 MP: 5/5
  3157 | D:4      | Killed Menkaure
  3945 | D:5      | Entered Level 5 of the Dungeon
  3999 | D:5      | Found a stormy altar of Qazlal.
  4034 | D:5      | Reached skill level 8 in Axes
  4160 | D:5      | Noticed a water moccasin
  4166 | D:5      | Killed a water moccasin
  4167 | D:5      | Reached XP level 7. HP: 64/64 MP: 6/6
  4427 | D:5      | Noticed a hornet
  4442 | D:5      | Paralysed by a hornet for 1 turns
  4443 | D:5      | HP: 4/96 [poisoned by a hornet]
  4443 | D:5      | Slain by a hornet

Illustrated notes

Levels and vault maps discovered:
D:1:      grunt_arrival_lava_bath, layout_loops_ring,
          shapermc_ecumenical_altar_pompeii, serial_bayou_lagoon_a
D:2:      layout_loops_ring, serial_shops, shop, minmay_statues_item,
          uniq_jessica, uniq_crazy_yiuf_cottage
D:3:      layout_basic, mainiacjoe_overflow_cross_hatched, minmay_distorted
D:4:      layout_loops_ring, uniq_menkaure
D:5:      layout_basic, nicolae_qazlal_scattered_showers

Skill      XL: |  1  2  3  4  5  6 |
---------------+-------------------+-----
Axes           | 4 5 6 7 8 |  8.4
Fighting       | 4 5 6 |  6.4
Armour         | |  2.4
Dodging        | |  2.1

Action                   |  1- 3 |  4- 6 |  7- 9 || total
-------------------------+-------+-------+-------++-------
Melee: Hand axe          |    90 |   109 |    11 ||   210
       Headbutt          |    16 |    21 |       ||    37
Throw: Stone             |       |    10 |     3 ||    13
Invok: Berserk           |       |     3 |     1 ||     4
       Trog's Hand       |       |     1 |       ||     1
 Stab: Sleeping          |     1 |       |       ||     1
Armor: Animal skin       |    11 |       |       ||    11
       Ring mail         |    15 |     8 |       ||    23
       Scale mail        |       |     9 |       ||     9
       Chain mail        |       |    22 |     3 ||    25
Dodge: Dodged            |    56 |    38 |     5 ||    99
